AoeStats
← oveja83

Arabia

509748959Analyzed
3v3 RM · 4d ago on Sep 27, 2026· 68m 17s· 6 players
Game mode
Random Map
Map size
Normal (6 player)
Population
200
Speed
Normal
Resources
Standard
Victory
Conquest
Starting age
Dark Age
Ending age
Imperial Age
RankedLock teamsTeams togetherTeam positionsShared explorationLock speedFull tech treeHidden civsTurbo modeCheats
Victory
Defeat
🇦🇷 Britons · Argentina
1101
+12
🇦🇷 Franks · Argentina
1001
+16
🇦🇷 Huns · Argentina
958
+17
🇧🇷 Spanish · Brazil
1051
-17
🇮🇹 Aztecs · Italy
976
-14
🇨🇱 Mongols · Chile
969
-14
LA FUCKING CABRA
7:09 Loom
9:18 Feudal Age
10:22 Double-Bit Axe
16:24 Fletching
21:44 Castle Age
20:01 Horse Collar
21:55 Wheelbarrow
21:55 Padded Archer Armor
21:50 Crossbowman
23:36 Bodkin Arrow
26:04 Ballistics
26:50 Heavy Plow
28:00 Bow Saw
37:26 Imperial Age
36:55 Leather Archer Armor
37:23 Hand Cart
37:03 Gold Mining
37:07 Stone Mining
37:31 Arbalester
38:14 Bracer
39:50 Chemistry
41:08 Town Watch
42:06 Ring Archer Armor
43:22 Town Patrol
45:11 Conscription
46:29 Two-Man Saw
54:21 Coinage
54:02 Guilds
53:26 Sappers
53:56 Warwolf
55:03 Yeomen
55:59 Gold Shaft Mining
56:00 Forging
55:56 Scale Barding Armor
56:49 Hoardings
56:48 Banking
55:43 Cranequins
60:06 Spies/Treason
66:43 Heated Shot
67:14 Shipwright
67:00 Siphons
66:57 Devotion
67:33 Theocracy
66:53 Herbal Medicine
LeaNN;
8:11 Loom
10:37 Feudal Age
17:02 Double-Bit Axe
19:04 Bloodlines
22:31 Castle Age
21:53 Horse Collar
24:08 Light Cavalry
24:16 Pikeman
25:38 Bow Saw
29:02 Stone Mining
31:02 Heavy Plow
35:00 Scale Barding Armor
35:45 Wheelbarrow
38:40 Forging
38:51 Chain Barding Armor
40:13 Hand Cart
40:59 Iron Casting
41:27 Husbandry
41:37 Marauders
44:49 Scale Mail Armor
50:11 Imperial Age
48:06 Gold Mining
50:19 Elite Tarkan
50:36 Capped Ram
54:08 Gold Shaft Mining
56:27 Murder Holes
63:52 Plate Barding Armor
64:18 Blast Furnace
64:27 Two-Man Saw
65:46 Spies/Treason
H0TM1ILK
8:21 Loom
11:02 Feudal Age
12:06 Double-Bit Axe
24:00 Castle Age
22:43 Scale Barding Armor
22:49 Forging
26:12 Husbandry
26:19 Gold Mining
32:15 Iron Casting
32:04 Chain Barding Armor
32:19 Iron Casting
35:30 Stone Mining
41:10 Imperial Age
40:05 Wheelbarrow
41:53 Gold Shaft Mining
41:36 Cavalier
46:01 Plate Barding Armor
46:52 Paladin
48:10 Hand Cart
47:59 Town Watch
50:49 Town Patrol
52:30 Blast Furnace
53:30 Chivalry
53:51 Conscription
55:28 Fletching
57:27 Bow Saw
oveja83
6:41 Loom
8:46 Feudal Age
10:04 Double-Bit Axe
16:31 Forging
17:49 Scale Barding Armor
18:57 Bloodlines
20:12 Town Watch
23:58 Castle Age
22:30 Gold Mining
24:28 Stone Mining
25:17 Fletching
26:42 Bow Saw
26:49 Husbandry
26:58 Bodkin Arrow
28:14 Padded Archer Armor
30:48 Wheelbarrow
30:59 Leather Archer Armor
34:39 Town Patrol
35:51 Ballistics
35:47 Thumb Ring
37:16 Chain Barding Armor
38:20 Crossbowman
39:32 Hand Cart
45:18 Imperial Age
44:50 Gold Shaft Mining
44:34 Scale Mail Armor
44:50 Nomads
46:03 Bracer
47:07 Chemistry
46:36 Parthian Tactics
48:40 Capped Ram
49:43 Drill
49:44 Conscription
50:16 Heavy Scorpion
53:09 Iron Casting
53:45 Siege Engineers
54:34 Light Cavalry
55:08 Siege Ram
57:17 Blast Furnace
62:11 Hussar
nicneim
10:34 Feudal Age
11:10 Double-Bit Axe
13:42 Wheelbarrow
19:03 Castle Age
18:12 Forging
19:22 Arson
20:15 Bow Saw
21:27 Iron Casting
22:17 Scale Mail Armor
22:31 Pikeman
26:52 Squires
29:53 Eagle Warrior
33:09 Chain Mail Armor
34:52 Ballistics
36:30 Murder Holes
36:17 Treadmill Crane
45:51 Imperial Age
43:27 Fletching
46:25 Bodkin Arrow
47:16 Caravan
49:28 Elite Eagle Warrior
51:23 Onager
52:16 Loom
55:06 Chemistry
ERJ1919
10:03 Feudal Age
16:36 Loom
21:40 Horse Collar
30:50 Castle Age
Connection lost

Rejoining the realm…

Still unreachable

The connection could not be restored.

Session expired

The server has moved on; the page needs a fresh start.